 Dungeon Crawl Stone Soup version 0.19.0-20-gbc5f0c6 (webtiles) character file.

38729 jerryfan the Spear-Bearer (level 13, -8/174 HPs)
             Began as a Black Draconian Berserker on Nov 11, 2016.
             Was a High Priest of Trog.
             Mangled by a seven-headed hydra (16 damage)
             ... on level 4 of the Lair of Beasts on Nov 17, 2016.
             The game lasted 01:39:13 (15729 turns).

jerryfan the Spear-Bearer (DrBe)                   Turns: 15729, Time: 01:39:13

Health: -8/174     AC: 13    Str: 33    XL:     13   Next: 65%
Magic:  25/25      EV: 14    Int:  9    God:    Trog [*****.]
Gold:   923        SH: 14    Dex:  8    Spells: 0 memorised, 12 levels left

rFire  . . .     SeeInvis .     v - +9 spear of Eternal War {drain, rPois Str+4}
rCold  + . .     Gourm    .     (armour unavailable)
rNeg   . . .     Faith    .     q - +1 shield "Inoblist" {rC+}
rPois  +         Spirit   .     d - +2 hat
rElec  +         Reflect  .     h - +1 cloak {MR+}
rCorr  .         Harm     +     a - +0 pair of gloves
MR     +....                    (no boots)
Stlth  ..........               j - amulet of harm
                                L - ring of magical power
                                g - ring of flight

@: berserking, short of breath, very quick
A: breathe lightning, unfitting armour, clumsy 1, electricity resistance,
cold-blooded, AC +8
a: Breathe Lightning, Berserk, Trog's Hand, Brothers in Arms, Burn Spellbooks,
Renounce Religion, Evoke Flight


You were on level 4 of the Lair of Beasts.
You worshipped Trog.
Trog was extremely pleased with you.
You were very full.

You visited 3 branches of the dungeon, and saw 16 of its levels.
You also visited: Sewer and Ice Cave.

You collected 923 gold pieces.

Inventory:

Hand Weapons
 i - a +2 antimagic trident
 u - the +1 mace "Nenyeq Doed" {crush, Dex+4}
   (You found it on level 4 of the Dungeon)

   It inflicts extra damage upon your enemies.
   It affects your dexterity (+4).
 v - the +9 spear of Eternal War (weapon) {drain, rPois Str+4}
   (You found it on level 4 of the Dungeon)

   A truly terrible weapon, it drains the life of those it strikes.
   It affects your strength (+4).
   It protects you from poison.
 C - a +9 halberd of chopping
 R - the cursed +1 quarterstaff "Fujaubreo" {flame, Str+6 Stlth+}
   (You found it on level 9 of the Dungeon)

   It has been specially enchanted to burn those struck by it, causing extra
   injury to most foes and up to half again as much damage against particularly
   susceptible opponents.
   It affects your strength (+6).
   It makes you more stealthy.
   It has a curse placed upon it.
Missiles
 k - 4 javelins
 r - 9 javelins of returning (quivered)
 G - 2 throwing nets
 J - 3 tomahawks
 M - 3 tomahawks of returning
Armour
 a - a +0 pair of gloves (worn)
 d - a +2 hat (worn)
 h - a +1 cloak of magic resistance (worn)
 q - the +1 shield "Inoblist" (worn) {rC+}
   (You found it on level 4 of the Dungeon)

   It protects you from cold.
Jewellery
 g - a ring of flight (left hand)
 j - an amulet of harm (around neck)
 D - an uncursed ring of ice
 L - a ring of magical power (right hand)
Wands
 f - a wand of slowing (11/48)
 l - a wand of confusion (10/48)
 n - a wand of lightning (2/15)
 o - a wand of random effects (22/48)
 P - a wand of flame (26/48)
 Q - a wand of iceblast (5/15)
 S - a wand of polymorph (12/24)
 T - a wand of heal wounds (3/9)
 U - a wand of iceblast (0/15)
 V - a wand of random effects (17/48)
 Z - a wand of acid (4/15)
Scrolls
 s - a scroll of enchant armour {unknown}
 x - 3 scrolls of fog
 y - 8 scrolls of remove curse
 A - 2 scrolls of magic mapping
 B - 2 scrolls of identify
 I - 2 scrolls of teleportation
 X - 2 scrolls of enchant weapon
Potions
 e - a potion of lignification
 m - a potion of resistance
 p - 2 potions of cancellation
 t - 5 potions of curing
 z - 3 potions of flight
 F - a potion of agility
 Y - 2 potions of magic
Miscellaneous
 w - a phantom mirror
 W - a sack of spiders
Comestibles
 b - 6 bread rations
 c - 5 beef jerkies
 H - 3 chunks of flesh
 K - a slice of pizza
 N - a royal jelly
 O - 20 fruits


   Skills:
 + Level 11.0 Fighting
   Level 6.1(10.1) Axes
 + Level 12.3(12.8) Polearms
 + Level 2.0 Throwing
 + Level 8.4 Dodging
 + Level 6.8 Stealth
 + Level 9.9 Shields
 + Level 5.0 Evocations


You had 12 spell levels left.
You didn't know any spells.

Dungeon Overview and Level Annotations

Branches:
Dungeon (11/15)            Temple (0/1) D:5            Lair (4/6) D:11
  Snake (0/4) Lair:3          Orc (1/2) D:10
  Swamp: Lair:2-4    Shoals: Lair:2-4

Altars:
Ashenzari
Cheibriados
Dithmenos
Elyvilon
Qazlal
Trog
The Shining One

Shops:
Orc:1 *

Annotations:
D:10 2 runed doors


Innate Abilities, Weirdness & Mutations

You can breathe wild blasts of lightning.
Your glossy black scales are hard. (AC +8)
You cannot fit into any form of body armour.
You are resistant to electric shocks. (rElec)
You are cold-blooded and may be slowed by cold attacks.
You are clumsy. (Dex -2)


Message History

The seven-headed hydra bites you but does no damage. x2
The seven-headed hydra bites you!
* * * LOW HITPOINT WARNING * * *
The seven-headed hydra bites you but does no damage.
The seven-headed hydra bites you!
* * * LOW HITPOINT WARNING * * *
The seven-headed hydra closely misses you.
You block the seven-headed hydra's attack.
You block the wyvern's attack.
Okay, then.
A red film seems to cover your vision as you go berserk!
You feel yourself moving faster!
You feel mighty!
You feel a lot less full. You block the wyvern's attack.
The seven-headed hydra bites you!
* * * LOW HITPOINT WARNING * * *
The seven-headed hydra closely misses you.
The seven-headed hydra bites you.
* * * LOW HITPOINT WARNING * * *
The seven-headed hydra completely misses you.
The seven-headed hydra bites you!
You die...

P........
#.......#
##......^##
#P........#
#........P#
#.......#
##...?...#
##.!...†..#
##.....@...####
.......lD....8.
.........##....
..........# .>.
..........# ..
.......÷<.# .
..#.#...###
.##.....#
#.##..#.


You could see a seven-headed hydra (inner flame) and a wyvern (inner flame).

Vanquished Creatures
  Fannar (D:11)
  5 hydras
  An unseen horror (D:11)
  2 ugly things
  2 black mambas
  Maurice (D:11)
  3 spiny frogs
  A gargoyle (D:11)
  2 rime drakes (IceCv)
  5 komodo dragons
  3 trolls
  4 polar bears (IceCv)
  6 hippogriffs
  A wyvern (D:11)
  A wraith (D:11)
  20 yaks
  A basilisk (Lair:1)
  Grum (D:8)
  4 vampire mosquitoes (D:11)
  A mottled dragon (D:8)
  2 nagas (Lair:3)
  2 wargs (D:10)
  3 water moccasins
  8 swamp worms (Lair:2)
  8 porcupines
  2 orc warriors
  4 ice beasts
  An eye of draining (D:11)
  A black bear (D:11)
  A sky beast (D:11)
  A necrophage (D:11)
  3 centaurs
  3 ogres
  13 wolves
  7 crocodiles
  3 big kobolds
  11 bullfrogs
  A wyvern skeleton (D:11)
  3 scorpions
  4 howler monkeys
  A crimson imp (D:10)
  4 jellies
  8 hounds
  10 orc priests
  A gnoll shaman (D:9)
  11 orc wizards
  4 bullfrog skeletons
  2 centaur skeletons
  2 iguanas
  Jessica (D:2)
  Ijyb (D:3)
  6 worker ants
  A howler monkey zombie (D:7)
  A hound skeleton (D:11)
  16 adders
  11 gnolls
  2 river rats (Sewer)
  2 shadow imps
  An ooze (D:2)
  2 adder zombies
  An adder skeleton (D:8)
  11 worms (Lair:2)
  2 dart slugs
  7 leopard geckos
  38 orcs
  7 bats
  5 giant cockroaches
  6 goblins
  13 hobgoblins
  8 jackals
  A quokka (D:7)
  3 ball pythons
  A frilled lizard (D:1)
  22 kobolds
  A leopard gecko skeleton (D:6)
  2 leopard gecko zombies
  13 rats
  3 fungi
  8 plants
385 creatures vanquished.

Vanquished Creatures (collateral kills)
  7 polar bears (IceCv)
  A troll (D:11)
  A two-headed ogre (D:11)
  2 yaks (IceCv)
  An orc warrior (Orc:1)
  2 wolves (IceCv)
  An orc wizard (D:10)
  5 orcs
  A goblin (D:10)
21 creatures vanquished.

Vanquished Creatures (others)
  A rime drake (IceCv)
  6 polar bears (IceCv)
  A yak (IceCv)
  3 fungi (Lair:2)
  12 plants
23 creatures vanquished.

Grand Total: 429 creatures vanquished

Notes
Turn   | Place    | Note
-------+----------+-------------------------------------------
     0 | D:1      | jerryfan the Draconian Berserker began the quest for the Orb.
     0 | D:1      | Reached XP level 1. HP: 19/19 MP: 1/1
    26 | D:1      | Reached XP level 2. HP: 24/26 MP: 2/2
   427 | D:1      | Reached XP level 3. HP: 33/33 MP: 3/3
   869 | D:1      | Reached ** piety under Trog
  1203 | D:2      | Found a snail-covered altar of Cheibriados.
  1210 | D:2      | Found a shadowy altar of Dithmenos.
  1233 | D:2      | Noticed Jessica
  1239 | D:2      | Killed Jessica
  1239 | D:2      | Reached XP level 4. HP: 34/40 MP: 4/4
  1631 | D:2      | Reached XP level 5. HP: 40/47 MP: 5/5
  2203 | D:3      | Noticed Ijyb
  2231 | D:3      | Killed Ijyb
  2231 | D:3      | Reached skill level 5 in Axes
  2698 | D:3      | Found a bloodstained altar of Trog.
  2756 | D:3      | Reached skill level 1 in Stealth
  2907 | D:4      | Noticed an ice beast
  2912 | D:4      | Killed an ice beast
  2912 | D:4      | Reached XP level 6. HP: 53/53 MP: 6/6
  3096 | D:4      | Got a twisted shield
  3102 | D:4      | Identified the +1 shield "Inoblist" {rC+} (You found it on level 4 of the Dungeon)
  3147 | D:4      | Found a white marble altar of Elyvilon.
  3296 | D:4      | Got a crude mace
  3297 | D:4      | Identified the +1 mace "Nenyeq Doed" {crush, Dex+4} (You found it on level 4 of the Dungeon)
  3313 | D:4      | Got an ancient spear
  3314 | D:4      | Identified the +9 spear of Eternal War {drain, rPois Str+4} (You found it on level 4 of the Dungeon)
  4094 | D:4      | Upgraded the game from 0.19.0-18-g426998a to 0.19.0-20-gbc5f0c6
  4136 | D:5      | Entered Level 5 of the Dungeon
  4458 | D:5      | Your scales start taking on a glossy black colour.
  4458 | D:5      | Reached XP level 7. HP: 60/60 MP: 7/7
  4458 | D:5      | Gained mutation: You are resistant to electric shocks. (rElec) [Black Draconian growth]
  4598 | D:5      | Reached skill level 5 in Fighting
  4598 | D:5      | Reached skill level 1 in Throwing
  4656 | D:5      | Found a staircase to the Ecumenical Temple.
  4939 | D:5      | Reached *** piety under Trog
  4939 | D:5      | Reached skill level 1 in Polearms
  5046 | D:6      | Found a glowing drain.
  5078 | Sewer    | Entered a sewer
  5170 | Sewer    | Found a white marble altar of Elyvilon.
  5345 | D:6      | Reached skill level 2 in Polearms
  5408 | D:6      | Found a stormy altar of Qazlal.
  5522 | D:6      | Reached skill level 1 in Shields
  5522 | D:6      | Reached XP level 8. HP: 62/69 MP: 8/8
  5529 | D:6      | Reached skill level 3 in Polearms
  5562 | D:6      | Got pitted quicksilver dragon scales
  5563 | D:6      | Identified the cursed quicksilver dragon scales of Temperance {*Contam MR+ Int+4 SInv} (You found it on level 6 of the Dungeon)
  5962 | D:7      | Reached skill level 4 in Polearms
  6041 | D:7      | Reached **** piety under Trog
  6173 | D:7      | Reached skill level 5 in Polearms
  6323 | D:7      | Reached skill level 5 in Dodging
  6617 | D:8      | Reached XP level 9. HP: 56/75 MP: 9/9
  6774 | D:8      | Noticed Grum
  6776 | D:8      | Reached skill level 6 in Polearms
  6785 | D:8      | Killed Grum
  7805 | D:8      | Reached ***** piety under Trog
  7805 | D:8      | Reached skill level 7 in Polearms
  7930 | D:9      | Noticed a troll
  7998 | D:9      | Received a gift from Trog
  8097 | D:9      | Found a shattered altar of Ashenzari.
  8149 | D:9      | Reached skill level 5 in Stealth
  8260 | D:9      | Killed a troll
  8267 | D:9      | Reached skill level 1 in Evocations
  8413 | D:9      | Got a polished quarterstaff
  8467 | D:9      | Noticed a troll
  8477 | D:9      | Killed a troll
  8477 | D:9      | Reached XP level 10. HP: 67/84 MP: 10/10
  8661 | D:9      | Reached skill level 8 in Polearms
  8698 | D:9      | Found a glowing golden altar of the Shining One.
  8917 | D:10     | Entered Level 10 of the Dungeon
  9042 | D:10     | Found a staircase to the Orcish Mines.
  9058 | D:10     | Found a runed door.
  9059 | D:10     | Noticed a fire dragon
  9060 | D:10     | Noticed an ice dragon
  9063 | D:10     | Noticed a fire dragon
  9065 | D:10     | Noticed an ice dragon
  9076 | D:10     | Found a runed door.
  9153 | D:10     | Identified the cursed +1 quarterstaff "Fujaubreo" {flame, Str+6 Stlth+} (You found it on level 9 of the Dungeon)
  9260 | D:10     | Reached skill level 5 in Shields
  9794 | Orc:1    | Entered Level 1 of the Orcish Mines
  9794 | Orc:1    | Found Didweim's Assorted Antiques.
  9817 | Orc:1    | Noticed an orc sorcerer
  9819 | Orc:1    | Noticed a sixfirhy
  9872 | D:11     | Noticed Maurice
  9888 | D:11     | Killed Maurice
  9888 | D:11     | Reached skill level 9 in Polearms
  9917 | D:11     | Killed an unseen horror
  9982 | D:11     | Noticed a gargoyle
  9984 | D:11     | Found a frozen archway.
  9989 | D:11     | Killed a gargoyle
  9997 | IceCv    | Entered an ice cave
 10017 | IceCv    | Reached XP level 11. HP: 82/93 MP: 12/12
 10097 | IceCv    | Reached skill level 10 in Polearms
 10670 | IceCv    | Noticed a death yak
 10670 | IceCv    | Noticed a frost giant
 11257 | D:11     | Noticed a green ugly thing
 11273 | D:11     | Killed a green ugly thing
 11539 | D:11     | Noticed Fannar
 11567 | D:11     | Killed Fannar
 11645 | D:11     | Reached skill level 11 in Polearms
 11681 | D:11     | Found a staircase to the Lair.
 11776 | Lair:1   | Entered Level 1 of the Lair of Beasts
 11947 | Lair:1   | Noticed an eight-headed hydra
 12062 | Lair:1   | Killed an eight-headed hydra
 12340 | Lair:1   | Reached XP level 12. HP: 96/105 MP: 13/13
 13156 | Lair:2   | Reached skill level 10 in Fighting
 13156 | Lair:2   | Reached skill level 12 in Polearms
 13156 | Lair:2   | Reached XP level 13. HP: 89/114 MP: 16/16
 13272 | Lair:2   | Gained mutation: You are dopey. (Int -2) [potion of mutation]
 13272 | Lair:2   | Lost mutation: You are dopey. (Int -2) [potion of mutation]
 13272 | Lair:2   | Gained mutation: You are clumsy. (Dex -2) [potion of mutation]
 13367 | Lair:2   | Received a gift from Trog
 13854 | Lair:2   | Received a gift from Trog
 14808 | Lair:3   | Found a staircase to the Snake Pit.
 15334 | Lair:3   | Reached skill level 5 in Evocations
 15729 | Lair:4   | HP: 8/174 [seven-headed hydra (2)]
 15729 | Lair:4   | Mangled by a seven-headed hydra

Skill      XL: |  1  2  3  4  5  6  7  8  9 10 11 12 13 |
---------------+----------------------------------------+-----
Dodging        | 3 4 5 6 7 8 |  8.4
Fighting       | 4 5 6 7 9 10 11 | 11.0
Axes           | 4 5 6 |  6.1
Stealth        | 1 2 4 5 6 |  6.8
Throwing       | 1 2 |  2.0
Polearms       | 2 5 7 9 11 12 | 12.3
Shields        | 1 2 4 6 7 9 |  9.9
Evocations     | 1 2 4 5 |  5.0

Action                   |  1- 3 |  4- 6 |  7- 9 | 10-12 | 13-15 || total
-------------------------+-------+-------+-------+-------+-------++-------
Melee: Hand axe          |    81 |   161 |       |       |       ||   242
       Tailslap          |     9 |    21 |    19 |    53 |    30 ||   132
       Spear             |       |     9 |   271 |   409 |   173 ||   862
Throw: Javelin           |     6 |     8 |     3 |     2 |     7 ||    26
Invok: Berserk           |       |     2 |     1 |     3 |     3 ||     9
       Brothers in Arms  |       |       |       |     6 |     1 ||     7
       Trog's Hand       |       |       |       |     3 |     1 ||     4
       Burn Spellbooks   |       |       |       |       |     1 ||     1
 Abil: Breathe Lightning |       |       |     2 |    13 |     4 ||    19
Evoke: Wand              |       |       |     7 |     9 |    14 ||    30
       Sack of spiders   |       |       |       |     1 |       ||     1
  Use: Scroll            |     4 |    12 |     9 |     7 |    10 ||    42
       Potion            |     4 |     6 |     3 |     5 |     2 ||    20
 Stab: Sleeping          |       |     1 |     9 |     4 |       ||    14
       Distracted        |       |       |       |     2 |     1 ||     3
       Confused          |       |       |       |       |     1 ||     1
  Eat: Chunk             |     1 |     8 |    10 |     9 |     4 ||    32
       Royal jelly       |       |     1 |       |       |       ||     1
       Meat ration       |       |     1 |       |     2 |     2 ||     5
       Pizza             |       |       |     1 |       |     1 ||     2
       Fruit             |       |       |       |     4 |       ||     4
       Bread ration      |       |       |       |       |     1 ||     1
Armor: Skin              |    18 |    66 |    51 |    66 |    27 ||   228
Dodge: Dodged            |    48 |   105 |    68 |    82 |    49 ||   352
Block: Shield            |       |     5 |    87 |   103 |    69 ||   264
